Unix NetHack Version 3.7.0-90 Work-in-progress - last build Dec 4 2023 15:25:40 (a4ad6ea61a8c493010e15c9251bbb19a34919cb7,branch:master). Game began 2023-12-08 09:15:14, ended 2023-12-08 09:47:15. wvc, chaotic female elven Wizard # # ################ ### --------# # |......|# @ |......+# -------- a |......|# |......| # |......|#######.......| |.......# |......| --------#######.......| -------- Wvc the Thaumaturge St:7 Dx:14 Co:16 In:20 Wi:12 Ch:8 Chaotic S:6195 Dlvl:5 $:91 HP:0(59) Pw:26(125) AC:7 Xp:8/1456 T:4173 Latest messages: You are surrounded by a shimmering light. The killer bee starts to attack you, but pulls back. The killer bee starts to attack you, but pulls back. The killer bee starts to attack you, but pulls back. The killer bee starts to attack you, but pulls back. You finish your prayer. You feel that Anhur is well-pleased. What do you want to zap? [iuH or ?*] ? In what direction? > You dig a hole through the ground. You fall through... Q - a murky potion. R - a scroll of fire. You feel a draft. You hear a nearby zap. You hear something crash through the ground. You hear convulsive ravings. You hit the rabid rat! The rabid rat bites! You miss the rabid rat. The rabid rat bites! You kill the rabid rat! S - a scroll labeled VAS CORP BET MANI. You hear snoring snakes. You see here 2 slime molds. T - 2 slime molds. Baby bites! What do you want to throw? [$pI or ?*] x In what direction? k Baby devours an uncursed food ration. In what direction? j The spell hits the floating eye! You kill the floating eye! You see here a floating eye corpse. Baby eats a floating eye corpse. What do you want to eat? [jsxT or ?*] y You cannot eat that! You swap places with Baby. In what direction? j The magic missile hits the soldier ant! The soldier ant bites! The soldier ant stings! The soldier ant bites! The soldier ant stings! The soldier ant's sting was poisoned! The soldier ant bites! The soldier ant stings! You die... Do you want your possessions identified? [ynq] (y) y Do you want to see your attributes? [ynq] (y) q Inventory: Coins ('$') $ - 91 gold pieces Weapons (')') p - 26 +0 darts I - 2 +0 elven daggers a - a blessed +2 quarterstaff (weapon in hands) Armor ('[') F - an uncursed +0 helmet (being worn) b - an uncursed +1 cloak of magic resistance (being worn) Comestibles ('%') T - 2 uncursed slime molds s - an uncursed banana j - 2 uncursed cloves of garlic x - 3 uncursed food rations Scrolls ('?') B - 2 uncursed scrolls of blank paper L - a cursed scroll of enchant armor R - an uncursed scroll of fire V - an uncursed scroll of identify S - a cursed scroll of magic mapping k - an uncursed scroll of remove curse f - a cursed scroll of teleportation Potions ('!') G - an uncursed potion of fruit juice m - an uncursed potion of hallucination Q - a cursed potion of hallucination J - a cursed potion of monster detection t - a blessed potion of restore ability E - a blessed potion of speed Rings ('=') d - an uncursed +3 ring of increase damage (on right hand) e - an uncursed ring of slow digestion (on left hand) C - a cursed ring of teleportation Wands ('/') i - a wand of digging (0:3) H - a wand of digging (0:3) u - a wand of light (0:14) Tools ('(') r - a bag of tricks (0:5) o - an uncursed wooden flute n - a magic marker (0:20) P - an uncursed mirror v - 2 uncursed partly used tallow candles z - an uncursed tin whistle Gems/Stones ('*') w - an uncursed worthless piece of blue glass y - an uncursed worthless piece of orange glass h - an uncursed worthless piece of violet glass N - 2 uncursed worthless pieces of yellow glass X - an uncursed worthless piece of yellowish brown glass Wvc the Wizard's attributes: Background: You were a Thaumaturge, a level 8 female elven Wizard. You were chaotic, on a mission for Anhur who was opposed by Ptah (lawful) and Thoth (neutral). You were right-handed. You were in the Dungeons of Doom, on level 5. You entered the dungeon 4173 turns ago. You had 1456 experience points, 1104 more were needed to attain level 9. Your score was 6195 before end-of-game adjustments. Basics: You had 0 out of 59 hit points. You had 26 out of 125 energy points (spell power). Your armor class was 7. Your wallet contained 91 zorkmids. Autopickup was on for '$!"?=' plus thrown. Final Characteristics: Your strength was 7 (limit:18). Your dexterity was 14 (limit:18). Your constitution was 16 (limit:16). Your intelligence was 20 (limit:20). Your wisdom was 12 (limit:20). Your charisma was 8 (limit:18). Final Status: You weren't hungry. You were unencumbered. You were wielding a quarterstaff. You had basic skill with quarterstaff and could have enhanced that. Final Attributes: You were piously aligned. You were magic-protected. You were sleep resistant. You were telepathic. You had infravision. You had slower digestion. You had a small damage bonus (+3). You were warded. You were lucky. You are dead. Miscellaneous: You encountered 1 bones level. Total elapsed playing time was 32 minutes and 1 second. Major events: Turn 1: wvc the chaotic female elven Wizard entered the dungeon 466: attained the rank of Conjurer (level 3) 1532: attained the rank of Thaumaturge (level 6) 2272: entered the Gnomish Mines 4173: killed by a soldier ant Vanquished creatures: 4 leprechauns an orc mummy a blue jelly a human zombie an imp a water nymph 2 Uruk-hai an orc shaman 4 rock piercers a fog cloud 2 violet fungi 5 gnome leaders a gnomish wizard 2 gray oozes a straw golem a giant ant a little dog 4 floating eyes 4 dwarves a homunculus a kobold leader 3 kobold shamans 14 hill orcs 10 rothes 3 rabid rats a giant bat 4 dwarf zombies 8 iguanas 7 killer bees a gas spore 2 hobbits 2 manes a hobgoblin 7 giant rats 5 cave spiders 2 brown molds a yellow mold 3 green molds 19 gnomes 2 garter snakes 2 gnome zombies 6 geckos a fox 4 kobolds 3 goblins 4 sewer rats 6 grid bugs a bat 3 lichens a kobold zombie 4 newts 170 creatures vanquished. No species were genocided or became extinct. Voluntary challenges: You read items or engraved 6 times. You never engraved Elbereth. You never genocided any monsters. You never polymorphed an object. You never changed form. You used no wishes. Achievements: You entered a shop. You attained the rank of Conjurer. You attained the rank of Thaumaturge. You entered the Gnomish Mines. The Dungeons of Doom: levels 1 to 5 Level 1: Level 2: A general store. Level 3: A fountain. Level 4: An altar to Anhur. Stairs down to The Gnomish Mines. Level 5: <- You were here. Final resting place for you, killed by a soldier ant, a1-Wiz-Hum-Mal-Neu, killed by a gnome lady. The Gnomish Mines: levels 5 to 7 Level 5: Level 6: Level 7: Game over: ---------- / \ / REST \ / IN \ / PEACE \ / \ | wvc | | 91 Au | | killed by a | | soldier ant | | | | | | 2023 | *| * * * | * _________)/\\_//(\/(/\)/\//\/|_)_______ Goodbye wvc the Wizard... You died in The Dungeons of Doom on dungeon level 5 with 6186 points, and 91 pieces of gold, after 4173 moves. You were level 8 with a maximum of 59 hit points when you died.